 Dungeon Crawl Stone Soup version 0.32-a0-433-g08bcfe7efd (webtiles) character file.

Game seed: 3148536620582047663

144326 backslashecho the Peltast (level 16, -3/139 HPs)
             Began as a Mountain Dwarf Summoner on Feb 22, 2024.
             Was a High Priest of Trog.
             Killed from afar by a swamp worm (20 damage)
             ... with a harpoon shot
             ... on level 3 of the Swamp.
             The game lasted 01:52:56 (36635 turns).

backslashecho the Peltast (MDSu)                   Turns: 36635, Time: 01:52:57

Health: -3/139     AC: 16    Str: 20    XL:     16   Next: 84%
Magic:  19/19      EV: 10    Int: 20    God:    Trog [*****.]
Gold:   788        SH: 17    Dex: 15    Spells: 18/19 levels left

rFire   + + .        a - +3 broad axe (heavy)
rCold   + + +        F - +2 shield of Resistance {rF++ rC++ Will++}
rNeg    + . .        e - +0 ice dragon scales
rPois   +            j - +2 hat of Fusueshreng {rN+}
rElec   .            d - +0 cloak {rPois}
rCorr   +            w - +0 pair of gloves {hurl}
SInv    +            p - +0 pair of boots
Will    ++++.        W - amulet "Iret" {Faith Regen+ Int+5 Dex+3} Stlth
                     i - ring of resist corrosion
HPRegen 1.23/turn    J - ring of Coronation {rF+ rC+ Will+ Dex+2 SInv}
MPRegen 0.16/turn

%: faith
@: marked, corroded
A: runic magic, artefact enchanting
a: Renounce Religion, Berserk, Trog's Hand, Brothers in Arms


You were on level 3 of the Swamp.
You worshipped Trog.
Trog was extremely pleased with you.
You visited 5 branches of the dungeon, and saw 26 of its levels.
You visited the Abyss 1 time.
You also visited: Sewer and Gauntlet.

You collected 2288 gold pieces.
You spent 1500 gold pieces at shops.

Inventory:

Hand Weapons
 a - a +3 heavy broad axe (weapon)
 b - a +0 hand axe of flaming
Missiles
 h - a throwing net
 q - 48 poisoned darts
 u - 9 silver javelins
 R - 5 javelins (quivered)
Armour
 d - a +0 cloak of poison resistance (worn)
 e - +0 ice dragon scales (worn)
 j - the +2 hat of Fusueshreng (worn) {rN+}
   (You acquired it in a Gauntlet)

   rN+:       It protects you from negative energy.
 p - a +0 pair of boots (worn)
 w - a +0 pair of gloves of hurling (worn)
 F - the +2 shield of Resistance (worn) {rF++ rC++ Will++}
   (You found it on level 11 of the Dungeon)

   rF++:      It greatly protects you from fire.
   rC++:      It greatly protects you from cold.
   Will++:    It greatly increases your willpower.
Jewellery
 i - a ring of resist corrosion (left hand)
 J - the ring of Coronation (right hand) {rF+ rC+ Will+ Dex+2 SInv}
   (You found it on level 1 of the Lair of Beasts)

   [ring of protection from cold]

   Dex+2:     It affects your dexterity (+2).
   rF+:       It protects you from fire.
   rC+:       It protects you from cold.
   Will+:     It increases your willpower.
   SInv:      It lets you see invisible.
 M - a ring of protection from fire
 O - a ring of positive energy
 P - the ring "Ytzukuaf" {rPois Int+7 Dex+6 SInv Stlth-}
   (You bought it in a shop on level 2 of the Orcish Mines)

   [ring of dexterity]

   Int+7:     It affects your intelligence (+7).
   Dex+6:     It affects your dexterity (+6).
   rPois:     It protects you from poison SInv: It lets you see invisible.
   Stlth-:    It makes you less stealthy.
 W - the amulet "Iret" (around neck) {Faith Regen+ Int+5 Dex+3}
   (You found it in a Gauntlet)

   [amulet of faith]

   Faith:     It allows you to gain divine favour quickly.
   Int+5:     It affects your intelligence (+5).
   Dex+3:     It affects your dexterity (+3).
   Regen+:    It increases your rate of health regeneration.
Wands
 y - a wand of flame (34)
 z - a wand of iceblast (12)
 H - a wand of paralysis (9)
 I - a wand of digging (5)
 N - a wand of acid (11)
 Q - a wand of mindburst (23)
Scrolls
 f - 2 scrolls of silence
 k - 6 scrolls of teleportation
 l - 6 scrolls of noise
 o - a scroll of enchant armour
 r - a scroll of poison
 v - 4 scrolls of fog
 B - 2 scrolls of enchant weapon
 C - 3 scrolls of revelation
 K - a scroll of immolation
 L - a scroll of fear
 Z - a scroll of butterflies
Potions
 c - a potion of magic
 g - 3 potions of heal wounds
 n - 16 potions of curing
 s - 2 potions of haste
 t - 5 potions of mutation
 x - 2 potions of ambrosia
 A - 3 potions of enlightenment
 E - 2 potions of might
 G - 2 potions of cancellation
 U - a potion of berserk rage
 V - a potion of invisibility
 X - 2 potions of resistance
Miscellaneous
 D - a phantom mirror (inert)
 T - a tin of tremorstones (2/2)
 Y - a phial of floods


   Skills:
 - Level 12.0 Fighting
 - Level 18.0 Axes
 - Level 6.0 Throwing
 + Level 11.9 Armour
 - Level 1.3 Dodging
 - Level 1.4 Stealth
 * Level 20.2 Shields
 - Level 1.0 Unarmed Combat
 - Level 2.0 Spellcasting
 - Level 4.0 Summonings
 + Level 11.2 Evocations


You had 18 spell levels left.
You knew the following spells:

 Your Spells              Type           Power      Damage    Failure   Level
A - Summon Small Mammal   Summ           72%        N/A       4%          1

Your spell library contained the following spells:

 Spells                   Type           Power      Damage    Failure   Level
 Call Imp                 Summ           36%        N/A       8%          2
 Call Canine Familiar     Summ           18%        N/A       14%         3
 Apportation              Tloc           4%         N/A       26%         1
 Kiss of Death            Conj/Necr      8%         2d6       26%         1
 Necrotise                Necr           8%         1d4       26%         1
 Sting                    Conj/Alch      8%         1d3       26%         1
 Passwall                 Erth           2%         N/A       58%         3
 Summon Blazeheart Golem  Fire/Summ      10%        N/A       73%         4
 Summon Lightning Spire   Summ/Air       10%        N/A       73%         4
 Animate Dead             Necr           2%         N/A       94%         4


Dungeon Overview and Level Annotations

Branches:
Dungeon (15/15)            Temple (1/1) D:7            Lair (5/5) D:9
  Swamp (3/4) Lair:3       Spider (0/4) Lair:3        Slime (0/5) Lair:4
    Orc (2/2) D:12            Elf (0/3) Orc:2        Vaults (0/5) D:13
 Depths (0/4) D:15          Sewer (visited)         Gauntlet (visited)

Altars:
Ashenzari
Cheibriados
Dithmenos
Elyvilon
Fedhas
Gozag
Hepliaklqana
Kikubaaqudgha
Makhleb
Nemelex Xobeh
Okawaru
Qazlal
Ru
Sif Muna
Trog
Uskayaw
Vehumet
Wu Jian
Xom
Yredelemnul
Zin
The Shining One
Jiyva
Lugonu

Shops:
D:7 ?   D:11 [   Orc:1 *(   Orc:2 *(:*=

Portals:
Abyss: Lair:5
Trove: D:15 (give +3 gold dragon scales)

Annotations:
D:11 1 runed translucent door; Shield of Resistance
D:14 2 transporters, exclusion: obsidian statue, Fima Pod's ghost, journeyman DsGl; Zoisal's ghost, journeyman DEHW
Lair:3 exclusion: 2 oklob plants
Lair:4 1 runed translucent door
Swamp:3 Donald


Innate Abilities, Weirdness & Mutations

Your spellcasting is much less encumbered by armour.
You can use scrolls of enchantment on lesser artefacts.


Message History

The goliath frog dies!
Your troll is engulfed in spectral mist.
You take 4 damage, and have 57/139 hp.
You slash Donald!
Donald is moderately wounded.
You completely miss the bunyip.
You are engulfed in spectral mist.
Donald is engulfed in spectral mist.
Donald says, "And you think you've got it bad..."
You block Donald's attack.
Donald hits Donald with a +0 broad axe!
Donald says, "You're really ugly.
Did you know that?"
Donald blocks Donald's attack.
Donald hits the swamp drake with a +0 broad axe!
Donald hits the bunyip with a +0 broad axe!
Your troll is engulfed in spectral mist.
Your troll bites the bunyip!!
The bunyip dies!
Trog accepts your kill.
Donald is engulfed in spectral mist.
Donald hits you with a +0 broad axe!!
* * * LOW HITPOINT WARNING * * *
Donald barely misses Donald.
Donald hits Donald with a +0 broad axe!
Donald hits the swamp drake with a +0 broad axe.
The swamp drake bites Donald but does no damage.
You take 37 damage, and have 20/139 hp.
MASSIVE DAMAGE!!
You swap places.
Found a stone staircase leading down.
You are engulfed in spectral mist.
* * * LOW HITPOINT WARNING * * *
Your troll is engulfed in spectral mist.
Donald closely misses the swamp drake.
Your troll is engulfed in spectral mist.
Your troll bites the swamp drake!!
The swamp drake dies!
Trog accepts your kill.
The swamp worm fires a harpoon shot at you.
The harpoon shot hits Donald.
You take 4 damage, and have 16/139 hp.
Press: ? - help, v - describe, . - travel, g - get item
Here: a troll (spectral mist, severely wounded, summoned, berserk, friendly) Item here: a swamp worm corpse.
The floor, spattered with blood.
Unknown command.
Okay, then.
Blink to where?
Press: ? - help, Dir - move target, p - Donald
As you read the scroll of blinking, it crumbles to dust.
Donald is engulfed in spectral mist.
Your troll is engulfed in spectral mist.
Donald is engulfed in spectral mist.
The swamp worm fires a harpoon shot at you.
The harpoon shot hits you!!
You die...

♣.~..~.~.~~~~~~~~~~~§§~~§.♣
♣~.~~.....~~~.~~~.§~~~.~~~.♣♣♣♣♣
§♣..~....§.....~..~~....~~♣♣~♣~♣♣
♣♣..~.....~♣♣♣~.~~~~...~~.♣...~.♣
♣.~~..♣♣♣♣♣ ♣..~~~.~.~~....~.~.♣
♣♣~~~~ ♣♣♣..~~~~~~~~~..~~....
♣.~~♣ ♣♣~....~~.~~..~.......♣
~.~. ♣...~..~~.~♣♣♣~.~~~.~~! ~..
♣~~<♣♣@~~♣♣♣ ♣♣....~...
♣~.~~~~♣♣.~♣ ♣♣........~
♣~.§..~......♣♣.........~
♣~.>~~.♣.~.....♣♣....♣.$.~
♣.~~§§~~......♣♣♣^..♣♣....
.~~~~~~~~~..)..@☼°○..♣ ...
~~~~~~~§$ ~~.w@.T☼○..♣ ♣..
~§~~~./~♣..§[...☼○☼°.♣ .~
.~~........♣ §


You could see Donald (fast, strong, ally target, reflecting), a swamp worm (ally
target), the friendly Donald (summoned, fast, strong, drained, reflecting) and a
friendly troll (summoned, berserk).

Vanquished Creatures
  A bone dragon (Abyss:2)
  Rupert (D:15)
  Frances (D:12)
  An Executioner (Abyss:2)
  Gastronok (D:8)
  A tengu reaver (D:14)
  A frost giant (D:14)
  An orc warlord (Orc:1)
  Nessos (D:15)
  A dire elephant (D:15)
  2 eleionomae
  A lorocyproca (Abyss:2)
  Azrael (Orc:2)
  A minotaur (Gauntlet)
  3 bunyips (Swamp:1)
  Snorg (Lair:4)
  2 fire dragons (D:11)
  7 hydras
  An ice dragon (D:11)
  Harold (Orc:1)
  2 vault guards (D:13)
  2 boulder beetles
  7 alligators
  A ghost crab (Swamp:3)
  5 ogre magi
  2 catoblepae
  A death knight (D:14)
  5 centaur warriors
  3 tengu warriors
  2 orc high priests (Orc:1)
  19 two-headed ogres
  6 death yaks (Lair:1)
  3 thrashing horrors
  A wretched star (Abyss:2)
  A sun demon (Abyss:2)
  2 skysharks
  A death drake (Gauntlet)
  A flayed ghost (D:14)
  3 goliath frogs
  2 swamp dragons (Swamp:2)
  2 bog bodies (Swamp:1)
  2 deep elf pyromancers (D:15)
  A lindwurm (shapeshifter) (D:14)
  A wolf spider zombie (Gauntlet)
  Pikel (D:8)
  A wolf spider (D:15)
  2 orc knights (Orc:1)
  2 orc sorcerers (Orc:1)
  11 ugly things
  5 cyclopes
  4 manticores
  A manticore (shapeshifter) (D:15)
  18 elephants
  3 meliai (D:15)
  2 torpor snails
  8 black mambas
  2 smoke demons (Lair:5)
  3 gargoyles
  10 cane toads
  6 large abominations
  An orange demon (Abyss:2)
  2 kobold demonologists
  Jeremiah (D:8)
  9 komodo dragons
  5 tengu conjurers
  2 trolls
  Psyche (D:9)
  2 bloated husks
  3 hornets
  32 blink frogs
  6 tyrant leeches
  6 polar bears
  A raiju (Lair:5)
  15 slime creatures
  6 jumping spiders (Lair:3)
  2 vampires (D:12)
  9 small abominations
  A wraith (D:10)
  2 culicivoras (Lair:3)
  2 spriggans (Swamp:2)
  5 wyverns
  61 yaks
  6 starcursed masses
  3 fire elementals (Orc:2)
  9 humans (D:13)
  4 ynoxinuls (Lair:5)
  3 wargs (Orc:1)
  6 basilisks
  A steam dragon (D:5)
  5 vampire mosquitoes
  A neqoxec (Abyss:2)
  A redback (Lair:3)
  A chaos spawn (Abyss:2)
  11 swamp worms
  2 hell hounds (Orc:2)
  16 water moccasins
  A swamp drake (D:12)
  2 sky beasts (D:7)
  An ice beast (D:6)
  A laughing skull (D:14)
  24 orc warriors
  3 black bears (D:6)
  25 ogres
  7 centaurs
  3 lemures (D:8)
  A phantom (D:6)
  Blork the orc (D:6)
  A weeping skull (Abyss:2)
  3 kobold brigands
  A brain worm (Abyss:2)
  17 bullfrogs
  5 scorpions
  12 wights
  7 killer bees
  An electric eel (D:9)
  7 howler monkeys
  4 hounds
  2 bombardier beetles
  2 jellies
  A gnoll bouda (D:10)
  15 orc priests
  A spectral boggart (Gauntlet)
  An iron imp (Abyss:2)
  A sleepcap (D:6)
  A boggart zombie (Gauntlet)
  5 iguanas
  34 orc wizards
  6 gnolls
  4 adders
  5 river rats
  2 shadow imps (D:6)
  4 white imps
  An ufetubus (D:6)
  3 dart slugs
  2 ribbon worms
  71 orcs
  11 ball pythons
  3 endoplasms
  5 giant cockroaches
  6 goblins
  3 hobgoblins
  A jackal (Sewer)
  5 quokkas
  6 bats
  2 frilled lizards
  12 kobolds
  2 quokka skeletons (D:2)
  A quokka zombie (D:2)
  6 rats
778 creatures vanquished.

Vanquished Creatures (collateral kills)
  Agnes (D:14)
  Louise (D:14)
  A bunyip (Swamp:3)
  An ice dragon (D:11)
  A ghost crab (Swamp:3)
  A swamp worm (Swamp:3)
  A swamp drake (Swamp:3)
  A hound (D:4)
  Jessica (D:2)
  An adder zombie (D:2)
  A ribbon worm (D:2)
  2 orcs (D:5)
  3 endoplasms
  A goblin (D:1)
  4 hobgoblins
  3 kobolds
  A quokka (D:2)
  A ball python (D:1)
  A ball python skeleton (D:2)
  A ball python zombie (D:2)
  2 rats (D:3)
30 creatures vanquished.

Vanquished Creatures (others)
  A vault guard (D:13)
  A goliath frog (Swamp:3)
  A bog body (Swamp:1)
  3 bloated husks (Swamp:1)
  An orc wizard (Orc:1)
  An orc (D:12)
8 creatures vanquished.

Grand Total: 816 creatures vanquished

Notes
Turn   | Place    | Note
-------+----------+-------------------------------------------
     0 | D:1      | backslashecho the Mountain Dwarf Summoner began the quest
                  | for the Orb.
     0 | D:1      | Reached XP level 1. HP: 14/14 MP: 3/3
   235 | D:1      | Reached skill level 1 in Unarmed Combat
   283 | D:1      | Reached skill level 1 in Fighting
   345 | D:1      | Reached XP level 2. HP: 23/23 MP: 1/4
   914 | D:2      | Reached skill level 1 in Axes
  1133 | D:2      | Reached XP level 3. HP: 25/29 MP: 3/6
  1785 | D:2      | Noticed Jessica
  1805 | D:2      | Killed Jessica
  1806 | D:2      | Reached XP level 4. HP: 29/36 MP: 4/7
  1880 | D:2      | Got the Codex of the Ground and Evil Words
  2819 | D:4      | Reached XP level 5. HP: 44/44 MP: 8/8
  3082 | D:4      | Found a blossoming altar of Fedhas.
  3152 | D:4      | Reached skill level 5 in Axes
  3278 | D:5      | Entered Level 5 of the Dungeon
  3285 | D:5      | Reached XP level 6. HP: 47/51 MP: 7/9
  3698 | D:5      | Found a glowing drain.
  3725 | Sewer    | Entered a sewer
  3962 | Sewer    | Reached XP level 7. HP: 34/60 MP: 10/10
  4289 | Sewer    | Found a white marble altar of Elyvilon.
  4515 | D:5      | Reached skill level 5 in Fighting
  4562 | D:5      | Found a sacrificial altar of Ru.
  4631 | D:5      | Found Zin's Purification Station.
  4632 | D:5      | Found a bloodstained altar of Trog.
  4635 | D:5      | Found a glowing silver altar of Zin.
  4640 | D:5      | Bought a potion of curing for 90 gold pieces
  4651 | D:5      | Became a worshipper of Trog the Wrathful
  4785 | D:6      | Found a burning altar of Makhleb.
  4837 | D:6      | Noticed a steam dragon
  4862 | D:5      | Killed a steam dragon
  4964 | D:6      | Noticed Blork the orc
  4981 | D:6      | Killed Blork the orc
  4982 | D:6      | Reached XP level 8. HP: 64/70 MP: 11/11
  5130 | D:6      | Found a basalt altar of Yredelemnul.
  5131 | D:6      | Found an iron altar of Okawaru.
  5132 | D:6      | Found an opulent altar of Gozag.
  5464 | D:6      | Reached skill level 10 in Axes
  6244 | D:6      | Reached XP level 9. HP: 76/79 MP: 12/12
  6422 | D:6      | Reached skill level 1 in Throwing
  7047 | D:7      | Found a staircase to the Ecumenical Temple.
  7055 | D:7      | Reached * piety under Trog
  7061 | Temple   | Entered the Ecumenical Temple
  7152 | D:7      | Found Yghouru's Magic Scroll Boutique.
  7158 | D:7      | Bought a scroll of identify for 26 gold pieces
  7158 | D:7      | Bought a scroll of fear for 52 gold pieces
  7158 | D:7      | Bought a scroll of teleportation for 39 gold pieces
  7158 | D:7      | Bought a scroll of identify for 26 gold pieces
  7158 | D:7      | Bought a scroll of amnesia for 52 gold pieces
  7284 | D:8      | Noticed a two-headed ogre
  7412 | D:8      | Noticed Gastronok
  8238 | D:8      | Noticed Jeremiah
  8239 | D:8      | Noticed a two-headed ogre
  8366 | D:8      | Killed a two-headed ogre
  8367 | D:8      | Reached XP level 10. HP: 90/90 MP: 13/13
  8370 | D:8      | Killed Jeremiah
  8661 | D:8      | Noticed Pikel
  8676 | D:8      | Killed Pikel
  8686 | D:8      | Killed a two-headed ogre
  8822 | D:8      | Killed Gastronok
  8823 | D:8      | Reached skill level 15 in Axes
  9274 | D:9      | Noticed Psyche
  9283 | D:9      | Killed Psyche
  9545 | D:9      | Reached skill level 1 in Shields
  9621 | D:9      | Reached skill level 2 in Shields
  9646 | D:9      | Reached XP level 11. HP: 60/97 MP: 14/14
  9856 | D:9      | Reached skill level 3 in Shields
 10006 | D:9      | Reached ** piety under Trog
 10375 | D:9      | Found a staircase to the Lair.
 10618 | D:9      | Found Vaheuwn's Weapon Emporium.
 10955 | D:10     | Entered Level 10 of the Dungeon
 11134 | D:10     | Reached skill level 4 in Shields
 11458 | D:10     | You fall into a shaft and drop 1 floor!
 11465 | D:11     | Found Dyigivue's Armour Shoppe.
 11975 | D:11     | Reached skill level 5 in Shields
 12394 | D:11     | Noticed a boulder beetle
 12461 | D:11     | Found a runed translucent door.
 12462 | D:11     | Noticed a fire dragon
 12462 | D:11     | Noticed an ice dragon
 12462 | D:11     | Found the +2 shield of Resistance {rF++ rC++ Will++}
 12462 | D:11     | Noticed a fire dragon
 12462 | D:11     | Noticed an ice dragon
 12468 | D:11     | Found a runed translucent door.
 12504 | D:11     | Shield of Resistance
 13002 | D:11     | Noticed a two-headed ogre
 13016 | D:11     | Killed a two-headed ogre
 13017 | D:11     | Reached skill level 6 in Shields
 13906 | D:11     | Killed a boulder beetle
 13907 | D:11     | Reached skill level 1 in Armour
 14105 | Lair:1   | Entered Level 1 of the Lair of Beasts
 14459 | D:12     | Noticed a cyan ugly thing
 14474 | D:12     | Killed a cyan ugly thing
 15206 | D:12     | Reached skill level 7 in Shields
 15206 | D:12     | Reached XP level 12. HP: 67/104 MP: 15/15
 15706 | D:12     | Noticed Frances
 16022 | Lair:1   | Identified the +4 spear "Ykhoe" {protect, ^Contam rC+++
                  | rCorr Dex-4}
 16022 | Lair:1   | Noticed a death yak
 16046 | Lair:1   | Killed a death yak
 16115 | Lair:1   | Found a shimmering altar of Xom.
 16423 | Lair:1   | Noticed a death yak
 16447 | Lair:1   | Killed a death yak
 16448 | Lair:1   | Reached skill level 8 in Shields
 17070 | Lair:1   | Reached skill level 9 in Shields
 17251 | Lair:1   | Noticed a death yak
 17253 | Lair:1   | Noticed a death yak
 17269 | Lair:1   | Noticed a death yak
 17270 | Lair:1   | Noticed a death yak
 17278 | Lair:1   | Killed a death yak
 17279 | Lair:1   | Reached skill level 5 in Throwing
 17279 | Lair:1   | Reached skill level 5 in Armour
 17284 | Lair:1   | Killed a death yak
 17288 | Lair:1   | Killed a death yak
 17511 | Lair:1   | Identified the ring of Coronation {rF+ rC+ Will+ Dex+2
                  | SInv}
 17727 | Lair:1   | Killed a death yak
 17891 | Lair:2   | Noticed a seven-headed hydra
 17945 | Lair:1   | Reached skill level 10 in Shields
 18975 | Lair:2   | Reached *** piety under Trog
 19034 | Lair:2   | Reached XP level 13. HP: 111/111 MP: 16/16
 19137 | Lair:2   | Reached skill level 11 in Shields
 20358 | Lair:3   | Reached skill level 12 in Shields
 20614 | Lair:3   | Found a blossoming altar of Fedhas.
 20655 | Lair:3   | HP: 6/166 [culicivora (10)]
 21373 | Lair:3   | Found a hole to the Spider Nest.
 21761 | Lair:3   | Found a staircase to the Swamp.
 22401 | Lair:4   | Reached skill level 13 in Shields
 22869 | Lair:4   | Noticed Snorg
 22889 | Lair:4   | Killed Snorg
 23620 | Lair:4   | Found a runed translucent door.
 23620 | Lair:4   | Found a viscous altar of Jiyva.
 23733 | Lair:4   | Found a staircase to the Slime Pits.
 23734 | Lair:4   | Noticed an acid blob
 23884 | Lair:5   | Entered Level 5 of the Lair of Beasts
 23938 | Lair:5   | Reached skill level 1 in Evocations
 24118 | Lair:5   | Reached skill level 14 in Shields
 24119 | Lair:5   | Reached **** piety under Trog
 24383 | Lair:4   | Reached XP level 14. HP: 49/118 MP: 17/17
 25478 | Lair:5   | Reached skill level 10 in Fighting
 25674 | Lair:5   | Reached skill level 15 in Shields
 25884 | Lair:5   | Reached ***** piety under Trog
 26328 | Lair:5   | Reached skill level 5 in Evocations
 26415 | Lair:5   | Found a corrupted altar of Lugonu.
 26415 | Lair:5   | Found a one-way gate to the infinite horrors of the Abyss.
 26426 | Lair:5   | Identified the ring of Zoeweham {Ice ^Drain rN+ Dex+3 SInv}
 26793 | D:12     | Killed Frances
 27059 | D:12     | Found a staircase to the Orcish Mines.
 27688 | Orc:1    | Entered Level 1 of the Orcish Mines
 27696 | Orc:1    | Reached skill level 16 in Shields
 27717 | Orc:1    | Noticed an orc warlord
 27814 | Orc:1    | Killed an orc warlord
 28011 | Orc:1    | Found Wiydwuto's General Store.
 28074 | Orc:1    | Received a gift from Trog
 28237 | Orc:1    | Noticed Harold
 28254 | Orc:1    | Killed Harold
 28284 | Orc:1    | Found Xumuc's Antique Weapon Emporium.
 28834 | Orc:2    | Entered Level 2 of the Orcish Mines
 28834 | Orc:2    | Noticed Azrael
 29100 | Orc:1    | Reached XP level 15. HP: 57/130 MP: 18/18
 29275 | Orc:2    | Found a staircase to the Elven Halls.
 29321 | Orc:2    | Killed Azrael
 29340 | Orc:2    | Reached skill level 17 in Shields
 29396 | Orc:2    | Found Qodosal's Assorted Antiques.
 29982 | Orc:2    | Found Sofubopp's Assorted Antiques.
 29982 | Orc:2    | Found Quext's Antique Weapon Emporium.
 29986 | Orc:2    | Found Malleb's Jewellery Shoppe.
 29986 | Orc:2    | Found Gibadaf's Book Shop.
 30163 | Orc:2    | Bought the ring "Ytzukuaf" {rPois Int+7 Dex+6 SInv Stlth-}
                  | for 841 gold pieces
 30164 | Orc:2    | Bought a potion of heal wounds for 170 gold pieces
 30164 | Orc:2    | Bought a potion of curing for 102 gold pieces
 30164 | Orc:2    | Bought a scroll of teleportation for 102 gold pieces
 30235 | D:13     | Identified 2 scrolls of acquirement
 30357 | D:13     | Found a gate leading to a gauntlet.
 30379 | Gauntlet | Entered a Gauntlet
 30379 | Gauntlet | Found a transporter.
 30379 | Gauntlet | Found a transporter.
 30384 | Gauntlet | Found a transporter.
 30399 | Gauntlet | Found a transporter.
 30421 | Gauntlet | Found a transporter.
 30428 | Gauntlet | Found a transporter.
 30446 | Gauntlet | Found a transporter.
 30520 | Gauntlet | Found a transporter.
 30532 | Gauntlet | Found a transporter.
 30549 | Gauntlet | Found a transporter.
 30562 | Gauntlet | Found a transporter.
 30581 | Gauntlet | Found a transporter.
 30652 | Gauntlet | Found a transporter.
 30662 | Gauntlet | Found a transporter.
 30671 | Gauntlet | Found a transporter.
 30679 | Gauntlet | Found a transporter.
 30703 | Gauntlet | Acquired a +0 pair of gloves of hurling
 30706 | Gauntlet | Acquired the +0 hat of Fusueshreng {rN+}
 30783 | Gauntlet | Received a gift from Trog
 30975 | Gauntlet | Identified the amulet "Iret" {Faith Regen+ Int+5 Dex+3}
 31809 | D:13     | Reached skill level 18 in Shields
 31818 | D:13     | Found a gate to the Vaults.
 32341 | D:14     | Noticed Agnes
 32344 | Abyss:2  | Found a corrupted altar of Lugonu.
 32344 | Abyss:2  | Cast into level 2 of the Abyss (Agnes)
 32386 | Abyss:2  | Reached skill level 10 in Armour
 32578 | Abyss:2  | Noticed a bone dragon
 32591 | Abyss:2  | Noticed an Executioner
 32600 | Abyss:2  | Killed an Executioner
 32641 | Abyss:2  | Found a shadowy altar of Dithmenos.
 32642 | Abyss:2  | Found a blossoming altar of Fedhas.
 32644 | Abyss:2  | Found a bloodstained altar of Trog.
 32644 | Abyss:2  | Found a white marble altar of Elyvilon.
 32644 | Abyss:2  | Found an ornate altar of the Wu Jian Council.
 32644 | Abyss:2  | Found a broken altar of Ashenzari.
 32645 | Abyss:2  | Found a sacrificial altar of Ru.
 32645 | Abyss:2  | Found a shimmering blue altar of Sif Muna.
 32645 | Abyss:2  | Found a snail-covered altar of Cheibriados.
 32645 | Abyss:2  | Found a shimmering altar of Xom.
 32645 | Abyss:2  | Noticed a bone dragon
 32669 | Abyss:2  | Killed a bone dragon
 32676 | Abyss:2  | Found an ornate altar of the Wu Jian Council.
 32676 | Abyss:2  | Found a shadowy altar of Dithmenos.
 32676 | Abyss:2  | Found a broken altar of Ashenzari.
 32678 | Abyss:2  | Found an iron altar of Okawaru.
 32678 | Abyss:2  | Found a glowing golden altar of the Shining One.
 32685 | Abyss:2  | Found a burning altar of Makhleb.
 32685 | Abyss:2  | Found a stormy altar of Qazlal.
 32685 | Abyss:2  | Found a sparkling altar of Nemelex Xobeh.
 32687 | Abyss:2  | Found a hazy altar of Hepliaklqana.
 32687 | Abyss:2  | Found a radiant altar of Vehumet.
 32687 | Abyss:2  | Found a basalt altar of Yredelemnul.
 32687 | Abyss:2  | Found an opulent altar of Gozag.
 32689 | Abyss:2  | Found an ancient bone altar of Kikubaaqudgha.
 32689 | Abyss:2  | Found a glowing silver altar of Zin.
 32689 | Abyss:2  | Found a hide-covered altar of Uskayaw.
 32772 | D:14     | Escaped the Abyss
 32774 | D:14     | Noticed a frost giant
 32774 | D:14     | Noticed a tengu reaver
 32900 | D:14     | Found a transporter.
 32900 | D:14     | Found a transporter.
 32904 | D:14     | Noticed Zoisal's ghost (journeyman DEHW)
 32905 | D:14     | Noticed Fima Pod's ghost (journeyman DsGl)
 32959 | D:14     | Killed a tengu reaver
 32960 | D:14     | Reached XP level 16. HP: 110/139 MP: 19/19
 33009 | D:14     | Killed Agnes
 33162 | D:14     | Noticed Louise
 33180 | D:14     | Killed Louise
 33328 | D:14     | Paralysed by a hornet for 1 turns
 33524 | D:14     | Reached skill level 19 in Shields
 33703 | D:14     | Reached skill level 10 in Evocations
 33760 | D:15     | Entered Level 15 of the Dungeon
 33760 | D:15     | Noticed Nessos
 33826 | D:15     | Found a portal to a secret trove of treasure.
 33894 | D:15     | Killed Nessos
 33962 | D:15     | Found a staircase to the Depths.
 34400 | D:15     | Noticed Rupert
 34414 | D:15     | Killed Rupert
 35119 | Swamp:1  | Entered Level 1 of the Swamp
 35383 | Swamp:1  | Identified the +11 quarterstaff of Eneulaxt {heavy, rN+}
                  | (Trog gifted it to you on level 1 of the Swamp)
 35383 | Swamp:1  | Received a gift from Trog
 36032 | Swamp:2  | Identified the +0 leather armour "Belefakhlu" {Str+4 Int+6}
 36195 | Swamp:2  | Identified the +1 leather armour "Gupsot Daa" {+Blink rN+
                  | Int+3}
 36217 | Swamp:2  | Reached skill level 20 in Shields
 36625 | Swamp:3  | Noticed Donald
 36635 | Swamp:3  | Killed from afar by a swamp worm

Illustrated notes

#......#§≈#....#.#
#####..#≈≈#..⌠.#.#
#..####....#.###
#..+...(D.D+...#
#..#...D####.#.#
#..#.⌠..#≈≈#.#.##
#..#...D#≈≈#....#
##.#########.##.#
#.....@.....# #
####.##...........
# #...####.##.
#...# # .......
.........
.###.###.## .#. .#


Turn 12504 on D:11: Shield of Resistance

Levels and vault maps discovered:
D:1:      erik_arrival_triangle_large, layout_basic, dreamdust_wishing_well,
          grunt_decor_one_mirror
D:2:      layout_loops_ring, serial_undead, serial_undead_c, serial_undead_e,
          serial_undead_c, serial_undead_a, serial_undead_e, serial_undead_f,
          serial_undead_d, serial_undead_b, nrook_mini_vaults,
          kennysheep_jessica_study
D:3:      layout_rooms, serial_glass, glass_columns_a, glass_columns_a,
          glass_columns_b, glass_columns_a, glass_columns_b, glass_columns_a,
          glass_columns_b, glass_columns_a, glass_columns_b, glass_columns_a,
          glass_columns_c, glass_columns_a, glass_columns_b, glass_columns_b,
          item_on_display_a, minmay_stone_trees_medium
D:4:      layout_rooms, mainiacjoe_overflow_brackets
D:5:      layout_rooms, zin_purify, trog_book, nicolae_ru_sacrificial_ziggurat,
          portal_sewer_entry_c
D:6:      cheibrodos_barr_body, layout_gridville, makhleb_heckhound_becter,
          chequers_temple_overflow_statue_of_worship, uniq_blork_the_orc
D:7:      layout_rooms, minmay_temple_entry_junction, serial_shops,
          nicolae_shop_peninsula
D:8:      layout_cave_pools, uniq_pikel, uniq_jeremiah, uniq_gastronok
D:9:      layout_roguey, lair_entry_dummy, serial_shops,
          nicolae_shop_rolling_square, water_boxes_lemuel, uniq_psyche
D:10:     layout_rooms, minmay_misc_feat_secret_circle
D:11:     layout_loops_corners, serial_shops, nicolae_shop_tiny_statue_garden,
          minivault_10, minmay_guarded_unrand_resistance
D:12:     layout_loops_ring, erik_orc_1, serial_bayou_pond_a,
          nicolae_zen_rock_garden, uniq_frances
D:13:     layout_grid_maze, ximxim_vaults_locker_room, gauntlet_entry_generic
D:14:     layout_roguey, nzn_ghost_randoct, minmay_checkered_concentric_circles,
          uniq_louise, uniq_agnes
D:15:     hangedman_depths_entry_try_elsewhere_first, layout_long_grid,
          grunt_decor_arrowhead, enter_trove_3, uniq_rupert, uniq_nessos
Temple:   nicolae_temple_superstar
Lair:1:   layout_chaotic_city, basic_altar
Lair:2:   layout_big_grid, cheibrodos_lair_lostbears, grunt_megastairs_5,
          lemuel_fruit_fields
Lair:3:   layout_regular_city, palyth_hydra_swamp_entry,
          nicolae_spider_entry_tight_spaces, hangedman_tree_tricks
Lair:4:   layout_cave_pods, slime_entry_2, uniq_snorg
Lair:5:   hellmonk_lair_end_abyssal_woods, layout_loops_ring
Swamp:1:  layout_basic_swamp, evilmike_swamp_ruin_house_2,
          nicolae_swamp_super_fun_site
Swamp:2:  layout_basic_swamp, serial_swamp_ruin, evilmike_swamp_ruin_house_4,
          evilmike_swamp_ruin_rubble_1
Swamp:3:  layout_basic_swamp, nicolae_swamp_trees_clearing, swamp_pool_1_2,
          nicolae_swamp_tree_isthmus, uniq_donald
Orc:1:    layout_caves, guppyfry_orc_lava_fort, uniq_harold
Orc:2:    st_orc_ogre_mass, layout_caves, enter_volcano_4, serial_shops,
          nicolae_square_shop, uniq_azrael

Skill      XL: |  1  2  3  4  5  6  7  8  9 10 11 12 13 14 15 16 |
---------------+-------------------------------------------------+-----
Unarmed Combat | 1 |  1.0
Fighting       | 1 2 3 4 5 7 8 9 11 12 | 12.0
Spellcasting   | 2 |  2.0
Axes           | 1 2 4 5 6 8 11 13 16 18 | 18.0
Throwing       | 2 3 5 6 |  6.0
Shields        | 2 7 10 14 16 18 20 | 20.2
Armour         | 2 6 9 10 11 | 11.9
Evocations     | 2 6 9 11 | 11.2
Dodging        | |  1.3
Stealth        | |  1.4
Summonings     | |  4.0

Action                     |  1- 3 |  4- 6 |  7- 9 | 10-12 | 13-15 | 16-18 || total
---------------------------+-------+-------+-------+-------+-------+-------++-------
  Melee: Dagger            |     2 |       |       |       |    27 |       ||    29
         Whip              |   104 |    14 |       |       |       |       ||   118
         Unarmed           |     1 |       |       |       |       |       ||     1
         Punch             |     1 |       |       |       |       |       ||     1
         Hand axe          |       |   204 |   166 |     7 |     1 |    33 ||   411
         War axe           |       |       |   198 |   820 |   968 |       ||  1986
         Broad axe         |       |       |       |       |   177 |   292 ||   469
  Throw: Dart              |       |     9 |    19 |    36 |    10 |     6 ||    80
         Javelin           |       |       |       |     4 |     4 |    11 ||    19
         Throwing net      |       |       |       |     1 |     1 |       ||     2
   Cast: Summon Small Mamm |    41 |    23 |     1 |       |       |       ||    65
 Invoke: Berserk           |       |       |       |    28 |    32 |     5 ||    65
         Trog's Hand       |       |       |       |     2 |     5 |     1 ||     8
         Brothers in Arms  |       |       |       |       |     3 |     3 ||     6
  Evoke: Wand              |       |       |    15 |     9 |    14 |     3 ||    41
         Tin of tremorston |       |       |       |       |     3 |       ||     3
         Phantom mirror    |       |       |       |       |       |     2 ||     2
         Phial of floods   |       |       |       |       |       |     1 ||     1
    Use: Scroll            |       |     1 |     6 |     9 |    24 |     3 ||    43
         Potion            |       |     1 |     2 |     4 |     1 |       ||     8
   Stab: Sleeping          |     2 |       |       |       |       |       ||     2
         Paralysed         |       |       |       |     4 |     6 |       ||    10
         Invisible         |       |       |       |     4 |       |       ||     4
         Distracted        |       |       |       |       |     1 |       ||     1
 Armour: Robe              |    43 |       |       |       |       |       ||    43
         Ring mail         |    31 |    12 |       |       |       |       ||    43
         Chain mail        |       |   187 |   366 |   491 |   824 |   138 ||  2006
         Skin              |       |       |       |    35 |       |       ||    35
         Ice dragon scales |       |       |       |       |       |   132 ||   132
  Dodge: Dodged            |    78 |    68 |   130 |   143 |   228 |    75 ||   722
  Block: Buckler           |       |       |       |   125 |       |       ||   125
         Kite shield       |       |       |       |    74 |  1203 |   332 ||  1609
         Reflection        |       |       |       |     1 |    20 |       ||    21

Table legend: (Time is in decaauts)
 A = Elapsed time spent in this place.
 B = Non-inter-level travel time spent in this place.
 C = Inter-level travel time spent in this place.
 D = Time resting spent in this place.
 E = Time spent auto-exploring this place.
 F = Levels seen in this place.
 G = Mean time per level.
                   A        B        C        D        E       F      G
               +--------+--------+--------+--------+--------+-----+--------+
         Total |  37337 |  34245 |   3092 |  10005 |  15980 |  29 | 1287.5 |
       Dungeon |  20115 |  18234 |   1881 |   5576 |   8364 |  15 | 1341.0 |
        Temple |     30 |     30 |      0 |      0 |     29 |   1 |   30.0 |
          Lair |  11249 |  10303 |    946 |   3155 |   4922 |   5 | 2249.8 |
         Swamp |   1613 |   1494 |    119 |    148 |    943 |   3 |  537.7 |
  Orcish Mines |   2362 |   2219 |    143 |    562 |   1053 |   2 | 1181.0 |
         Abyss |    448 |    448 |      0 |     97 |    172 |   1 |  448.0 |
         Sewer |    677 |    677 |      0 |    289 |    176 |   1 |  677.0 |
      Gauntlet |    839 |    839 |      0 |    177 |    319 |   1 |  839.0 |
               +--------+--------+--------+--------+--------+-----+--------+

Top non-repeatable levels by time:
  Lair:1: 2897 daAuts
  Lair:3: 2644 daAuts
  Lair:5: 2349 daAuts
    D:12: 2313 daAuts
    D:11: 2208 daAuts
  Lair:4: 2126 daAuts
     D:7: 2048 daAuts
     D:9: 1973 daAuts
     D:6: 1651 daAuts
   Orc:1: 1621 daAuts
    D:10: 1514 daAuts
    D:13: 1294 daAuts
     D:2: 1242 daAuts
  Lair:2: 1230 daAuts
    D:14: 1122 daAuts
